 Dungeon Crawl Stone Soup version 0.28.0 (webtiles) character file.

Game seed: 4217796007185646758

367 Deimar the Gusty (level 6, -9/48 HPs)
             Began as a Draconian Air Elementalist on Feb 16, 2022.
             Was an Initiate of Sif Muna.
             Mangled by Pikel (11 damage)
             ... on level 4 of the Dungeon on Feb 17, 2022.
             The game lasted 00:34:31 (6398 turns).

Deimar the Gusty (Draconian Air Elementalist)       Turns: 6398, Time: 00:34:32

Health: -9/48      AC:  6    Str: 10    XL:     6   Next: 41%
Magic:  1/12       EV: 12    Int: 18    God:    Sif Muna [......]
Gold:   131        SH:  0    Dex: 11    Spells: 10/13 levels left

rFire   . . .      SeeInvis .   p - +4 quarterstaff (chaos)
rCold   . . .      Faith    .   (shield currently unavailable)
rNeg    . . .      Spirit   .   (armour unavailable)
rPois   .          Reflect  .   (helmet restricted)
rElec   .          Harm     .   (no cloak)
rCorr   .          Rampage  .   (no gloves)
Will    .....                   (no boots)
Stlth   ++........              (no amulet)
HPRegen 0.16/turn               (no ring)
MPRegen 0.13/turn               (no ring)

@: no status effects
A: AC +6, unfitting armour, cold-blooded
a: Renounce Religion


You were on level 4 of the Dungeon.
You worshipped Sif Muna.
Sif Muna was noncommittal.
You visited 2 branches of the dungeon, and saw 6 of its levels.

You collected 131 gold pieces.

Inventory:

Hand Weapons
 a - a +0 dagger
 k - a +0 hunting sling
 o - a +1 hand axe of flaming
 p - a +4 quarterstaff of chaos (weapon)
Missiles
 g - 64 stones
Armour
 l - a +1 robe
 q - a +0 cloak
Jewellery
 c - a +4 ring of evasion
Scrolls
 f - a scroll of holy word
 i - 4 scrolls of identify {unknown}
 r - 2 scrolls of teleportation {unknown}
Potions
 e - a potion of haste {unknown}
 h - a potion of magic {unknown}
 j - a potion of lignification {unknown}
 m - 2 potions of cancellation {unknown}
 n - a potion of degeneration {unknown}
 s - 2 potions of mutation {unknown}


   Skills:
 * Level 2.1 Fighting
 - Level 0.3 Short Blades
 + Level 0.4 Staves
 - Level 1.7 Dodging
 - Level 1.7 Stealth
 * Level 4.0 Spellcasting
 + Level 2.3 Conjurations
 * Level 5.1 Air Magic


You had 10 spell levels left.
You knew the following spells:

 Your Spells              Type           Power      Damage    Failure   Level
a - Shock                 Conj/Air       68%        1d7       3%          1
b - Static Discharge      Conj/Air       17%        N/A       4%          2

Your spell library contained the following spells:

 Spells                   Type           Power      Damage    Failure   Level
 Swiftness                Air            22%        N/A       5%          3
 Freeze                   Ice            12%        1d4       14%         1
 Airstrike                Air            11%        N/A       19%         4
 Frozen Ramparts          Ice            6%         1d2       41%         3
 Hailstorm                Conj/Ice       7%         3d4       67%         4


Dungeon Overview and Level Annotations

Branches:
Dungeon (5/15)             Temple (1/1) D:4

Altars:
Ashenzari
Dithmenos
Elyvilon
Fedhas
Gozag
Hepliaklqana
Kikubaaqudgha
Nemelex Xobeh
Okawaru
Qazlal
Ru
Sif Muna
Trog
Uskayaw
Vehumet
Wu Jian
Xom
Zin
The Shining One

Annotations:
D:4 Pikel


Innate Abilities, Weirdness & Mutations

Your plain brown scales are hard. (AC +6)
You cannot fit into any form of body armour.
You are cold-blooded and may be slowed by cold attacks.


Message History

Confirm with . or Enter, or press ? or * to list all spells.
Pikel is struck by an arc of lightning.
Pikel is severely wounded.
You are struck by an arc of lightning.
The lightning grounds out.
Pikel barely misses you.
Casting: Static Discharge (safe; 4% risk of failure)
Confirm with . or Enter, or press ? or * to list all spells.
Pikel is struck by an arc of lightning!
Pikel is almost dead.
The lightning grounds out.
Pikel barely misses you.
Casting: Static Discharge (safe; 4% risk of failure)
Confirm with . or Enter, or press ? or * to list all spells.
You miscast Static Discharge.
You are very lightly contaminated with residual magic.
Nothing appears to happen.
Pikel hits you with a +2 whip of electrocution!
You are electrocuted!
Pikel hits you with a +2 whip of electrocution!
* * * LOW HITPOINT WARNING * * *
There is a stone staircase leading up here.
You climb upwards.
There is a stone staircase leading down here.
As you read the scroll labelled QODDUSTRO KEQE, it crumbles to dust.
It is a scroll of amnesia.
Really abort (and waste the scroll)? [Y]es or [N]o only, please.
Really abort (and waste the scroll)?
Okay, then.
Pikel hits you with a +2 whip of electrocution.
* * * LOW HITPOINT WARNING * * *
As you read the scroll labelled PIEMMYOQIA, it crumbles to dust.
It is a scroll of enchant armour.
Your +0 robe glows green for a moment.
Pikel closely misses you.
Your magical contamination has completely faded away.
As you read the scroll labelled NOLAZUNGURHE, it crumbles to dust.
You speak a Word of immense power!
It was a scroll of holy word.
Pikel hits you with a +2 whip of electrocution.
* * * LOW HITPOINT WARNING * * *
You are electrocuted!
You die...

.............###.##..........#.#.
.....##...##...#.#..##........###
#....#....#.........##....##..#..
##...#.............##......##....
#.......#...........##.....##....
##<.....#...#........#.....##.#..
###..#..........................
#...#..................#.......
#...#.........@........##......
#.......####.#K[.......##.#....
####......####.#......##.........
#..........#.#.##.##..##.##....#.
#.....#........#.................
......##..)......................
.......##..##................(...
#.......#############............
#.......# ##8# #8 #..........##


You could see Pikel.

Vanquished Creatures
  Eustachio (D:4)
  An orc priest (D:4)
  Crazy Yiuf (D:3)
  A hound skeleton (D:4)
  4 adders
  3 worms
  4 dart slugs
  2 orcs
  8 bats
  12 endoplasms
  10 giant cockroaches
  9 goblins
  10 hobgoblins
  5 jackals
  6 kobolds
  6 quokkas
  8 ball pythons
  A frilled lizard (D:2)
  3 rats
95 creatures vanquished.

Vanquished Creatures (others)
  2 fungi (D:2)
  3 plants (D:2)
5 creatures vanquished.

Grand Total: 100 creatures vanquished

Notes
Turn   | Place    | Note
-------+----------+-------------------------------------------
     0 | D:1      | Deimar the Draconian Air Elementalist began the quest for
                  | the Orb.
     0 | D:1      | Reached XP level 1. HP: 14/14 MP: 3/3
   262 | D:1      | Reached XP level 2. HP: 20/20 MP: 3/5
   265 | D:1      | Learned a level 2 spell: Static Discharge
  1087 | D:1      | Reached XP level 3. HP: 26/26 MP: 2/6
  1613 | D:2      | Reached skill level 4 in Air Magic
  1893 | D:2      | Found a faded altar of an unknown god.
  2594 | D:2      | Reached XP level 4. HP: 33/33 MP: 6/8
  4653 | D:3      | Found a runed translucent door.
  4654 | D:3      | Noticed Crazy Yiuf
  4808 | D:3      | Reached XP level 5. HP: 39/39 MP: 2/9
  5019 | D:3      | Killed Crazy Yiuf
  5020 | D:3      | Reached skill level 1 in Fighting
  5155 | D:4      | Noticed Eustachio
  5349 | D:4      | Found a staircase to the Ecumenical Temple.
  5588 | D:4      | Found a sparkling altar of Nemelex Xobeh.
  5630 | D:4      | Killed Eustachio
  5631 | D:4      | Reached skill level 5 in Air Magic
  5631 | D:4      | Reached XP level 6. HP: 39/48 MP: 0/11
  5976 | Temple   | Entered the Ecumenical Temple
  6284 | Temple   | Became a worshipper of Sif Muna the Loreminder
  6363 | D:5      | Entered Level 5 of the Dungeon
  6383 | D:5      | Noticed Pikel
  6398 | D:4      | HP: 2/48 [Pikel (4)]
  6398 | D:4      | Mangled by Pikel

Illustrated notes

Levels and vault maps discovered:
D:1:      denvon_arrival_waterhouse, layout_loops_corners
D:2:      minmay_skewed_foursquare, layout_basic,
          dreamdust_ecumenical_altar_grove, minmay_circle_x
D:3:      layout_loops_ring, gup_sewer_entry_pipe, uniq_crazy_yiuf_cottage
D:4:      layout_cave_pools, nicolae_overflow_hidden_temple,
          minmay_temple_entry_proselytizer, minmay_misc_feat_plants,
          uniq_eustachio
D:5:      layout_gridville, uniq_pikel
Temple:   dpeg_five_rooms_temple

Skill      XL: |  1  2  3  4  5  6 |
---------------+-------------------+-----
Air Magic      | 4 5 |  5.1
Spellcasting   | 3 4 |  4.0
Fighting       | 2 |  2.1
Conjurations   | 2 |  2.3
Short Blades   | |  0.3
Staves         | |  0.4
Dodging        | |  1.7
Stealth        | |  1.7

Action                   |  1- 3 |  4- 6 || total
-------------------------+-------+-------++-------
Melee: Unarmed           |     7 |       ||     7
       Dagger            |    29 |    43 ||    72
       Tailslap          |     4 |     8 ||    12
       Punch             |     1 |     1 ||     2
       Quarterstaff      |       |     4 ||     4
 Cast: Shock             |    64 |    97 ||   161
       Static Discharge  |    13 |    19 ||    32
  Use: Scroll            |       |     3 ||     3
 Stab: Sleeping          |     2 |       ||     2
Armor: Skin              |    12 |    26 ||    38
Dodge: Dodged            |    38 |    34 ||    72
